 Dungeon Crawl Stone Soup version 0.23-b1-70-gd12f7cf (webtiles) character file.

Game seed: 12447701011707030042

385 Kold the Cleaver (level 6, 0/52 HPs)
             Began as a Hill Orc Monk on Feb 6, 2019.
             Was a Believer of Beogh.
             Slain by a centaur
             ... wielding a cursed -3 shortbow
              (6 damage)
             ... on level 4 of the Dungeon.
             The game lasted 00:09:50 (3253 turns).

Kold the Cleaver (Hill Orc Monk)                    Turns: 3253, Time: 00:09:51

Health: 0/52       AC:  4    Str: 16    XL:     6   Next: 77%
Magic:  6/6        EV: 12    Int: 10    God:    Beogh [**....]
Gold:   100        SH:  0    Dex: 13    Spells: 5/5 levels left

rFire    . . .     SeeInvis .   f - +2 hand axe (freeze)
rCold    . . .     Gourm    .   (no shield)
rNeg     . . .     Faith    .   b - +0 robe
rPois    .         Spirit   .   e - +0 helmet
rElec    .         Reflect  .   p - +0 cloak
rCorr    .         Harm     .   (no gloves)
MR       .....                  (no boots)
Stlth    ++........             (no amulet)
HPRegen  0.17/turn              (no ring)
MPRegen  0.10/turn              (no ring)

@: lethally poisoned (0 -> -6), lightly drained
A: no striking features
a: Smiting, Renounce Religion


You were on level 4 of the Dungeon.
You worshipped Beogh.
Beogh was pleased with you.
You were not hungry.

You visited 1 branch of the dungeon, and saw 4 of its levels.

You collected 100 gold pieces.

Inventory:

Hand Weapons
 a - a +0 hand axe
 f - a +2 hand axe of freezing (weapon)
 o - a +4 battleaxe
Armour
 b - a +0 robe (worn)
 e - a +0 helmet (worn)
 k - a +0 buckler
 p - a +0 cloak (worn)
Jewellery
 l - an uncursed ring of ice
Scrolls
 d - a scroll of noise {unknown}
 g - a scroll of teleportation {unknown}
 j - a scroll of remove curse {unknown}
 m - a scroll of random uselessness {unknown}
 q - a scroll of amnesia {unknown}
 r - a scroll of magic mapping {unknown}
 s - a scroll of enchant weapon {unknown}
Potions
 i - a potion of ambrosia
Comestibles
 c - 6 rations
 t - 2 chunks of flesh


   Skills:
 - Level 4.0(3.6) Fighting
 + Level 9.5(9.1) Axes
 - Level 2.4(2.0) Dodging
 - Level 1.5(1.2) Stealth


You had 5 spell levels left.
You didn't know any spells.
Your spell library was empty.

Dungeon Overview and Level Annotations

Branches:
Dungeon (4/15)
 Temple: D:4-7

Altars:
Gozag
Makhleb
Xom
Zin


Message History

The centaur shoots an arrow.
The arrow hits you but does no damage.
A frilled lizard comes into view.
The frilled lizard hisses angrily.
You hit the worker ant. You freeze the worker ant.
The worker ant is moderately wounded.
The worker ant bites you but does no damage.
You barely miss the worker ant.
The worker ant is lightly wounded.
You feel less wooden.
Your +0 cloak unmelds from your body.
Your +0 helmet unmelds from your body.
Your +0 robe unmelds from your body.
The worker ant bites you.
* * * LOW HITPOINT WARNING * * *
You are lethally poisoned!
The worker ant poisons you!
You hit the centaur but do no damage. You hit the worker ant.
You freeze the worker ant.
* * * LOW HITPOINT WARNING * * *
You feel sick.
The centaur hits you with a cursed -3 shortbow.
You die...

.# ..#. .#....
####### .....
.###....c###...#
.......@a(....####.
.......%(#.#.....!.
.........((.......
......#.......####
..............#####
....##...##.l......
.............######
..######......#####
# #.##†#..^..#


You could see a centaur, a worker ant and a frilled lizard.

Vanquished Creatures
  3 wights (D:3)
  A howler monkey (D:4)
  An iron imp (D:2)
  An iguana (D:4)
  A hound skeleton (D:4)
  6 adders
  3 gnolls (D:3)
  2 worms (D:2)
  2 dart slugs
  A leopard gecko (D:3)
  2 orcs (D:4)
  4 ball pythons
  3 bats
  6 giant cockroaches
  3 goblins
  7 hobgoblins
  3 jackals (D:3)
  2 kobolds
  A quokka (D:3)
  5 frilled lizards
  5 rats
62 creatures vanquished.

Vanquished Creatures (others)
  A quokka (D:3)
  A rat (D:3)
2 creatures vanquished.

Grand Total: 64 creatures vanquished

Notes
Turn   | Place    | Note
-------+----------+-------------------------------------------
     0 | D:1      | Kold the Hill Orc Monk began the quest for the Orb.
     0 | D:1      | Reached XP level 1. HP: 19/19 MP: 1/1
   250 | D:1      | Reached XP level 2. HP: 27/27 MP: 2/2
   547 | D:1      | Reached skill level 5 in Axes
   719 | D:2      | HP: 1/27 [worm (10)]
   721 | D:2      | Reached XP level 3. HP: 2/33 MP: 3/3
  1112 | D:2      | Found a burning altar of Makhleb.
  1128 | D:2      | Reached skill level 6 in Axes
  1268 | D:2      | Reached XP level 4. HP: 31/40 MP: 4/4
  1488 | D:2      | Found a glowing silver altar of Zin.
  1488 | D:2      | Noticed an angel
  1752 | D:2      | Found a shimmering altar of Xom.
  2134 | D:3      | Reached skill level 7 in Axes
  2190 | D:3      | Became a worshipper of Beogh the Brigand
  2190 | D:3      | Reached * piety under Beogh
  2190 | D:3      | Reached ** piety under Beogh
  2218 | D:3      | Found an opulent altar of Gozag.
  2250 | D:3      | Reached XP level 5. HP: 38/46 MP: 5/5
  2258 | D:3      | Reached skill level 8 in Axes
  2263 | D:3      | Reached XP level 6. HP: 17/52 MP: 6/6
  3142 | D:4      | Reached skill level 9 in Axes
  3253 | D:4      | Slain by a centaur

Skill      XL: |  1  2  3  4  5  6 |
---------------+-------------------+-----
Fighting       | 4 |  4.0
Axes           | 5 6 7 8 9 |  9.5
Dodging        | |  2.4
Stealth        | |  1.5

Action                   |  1- 3 |  4- 6 || total
-------------------------+-------+-------++-------
Melee: Hand axe          |    91 |   159 ||   250
Invok: Convert to Beogh  |       |     1 ||     1
  Use: Potion            |     1 |     4 ||     5
       Scroll            |       |     1 ||     1
 Stab: Sleeping          |     5 |     3 ||     8
  Eat: Chunk             |       |     4 ||     4
       Ration            |       |     1 ||     1
Armor: Robe              |    13 |    23 ||    36
       Skin              |       |     4 ||     4
Dodge: Dodged            |    56 |    93 ||   149
